 Dungeon Crawl Stone Soup version 0.31.0-4-g52a2dc7128 (webtiles) character file.

Game seed: 3022522184901171460

672 Eitelfritz the Ruffian (level 7, -10/66 HPs)
             Began as a Troll Gladiator on Jan 21, 2024.
             Was a Follower of Uskayaw.
             Mangled by an ogre
             ... wielding a +0 giant spiked club
              (52 damage)
             ... on level 5 of the Dungeon.
             The game lasted 00:06:14 (3132 turns).

Eitelfritz the Ruffian (Troll Gladiator)            Turns: 3132, Time: 00:06:15

Health: -10/66     AC:  5    Str: 23    XL:     7   Next: 32%
Magic:  7/7        EV:  1    Int:  6    God:    Uskayaw [*.....]
Gold:   68         SH:  0    Dex: 11    Spells: 6/6 levels left

rFire   . .          .
                       - Unarmed
rCold   . . .        (no shield)
rNeg    + . .        a - +0 robe
rPois   .            b - +0 hat
rElec   .            l - +0 cloak
rCorr   +            (gloves unavailable)
SInv    .            (boots unavailable)
Will    .....        (no amulet)
Stlth   ++           h - ring of positive energy
HPRegen 1.11/turn    n - ring of resist corrosion
MPRegen 0.10/turn

%: no passive effects
@: sleeping
A: large, unfitting armour, claws 3, regeneration 1, shaggy fur 1, tough skin 1
a: Renounce Religion, Stomp


You were on level 5 of the Dungeon.
You worshipped Uskayaw.
Uskayaw was noncommittal.
You visited 2 branches of the dungeon, and saw 6 of its levels.

You collected 231 gold pieces.
You spent 163 gold pieces at shops.

Inventory:

Hand Weapons
 i - a +0 flail
 k - a +0 sling
 r - a +0 orcbow
Missiles
 c - 3 throwing nets
 d - a large rock
 e - 12 poisoned darts (quivered)
 p - 4 curare-tipped darts
Armour
 a - a +0 robe (worn)
 b - a +0 hat (worn)
 l - a +0 cloak (worn)
Jewellery
 h - a ring of positive energy (left claw)
 n - a ring of resist corrosion (right claw)
 o - a ring of wizardry
Wands
 m - a wand of digging (2)
 q - a wand of charming (13)
Scrolls
 g - 3 scrolls of teleportation
 j - a scroll of identify
Potions
 f - a potion of haste
 s - a potion of brilliance
 t - a potion of heal wounds
 u - a potion of curing
 v - a potion of enlightenment


   Skills:
 + Level 2.7 Fighting
 + Level 2.0 Throwing
 + Level 3.7 Dodging
 + Level 1.2 Stealth
 + Level 6.2 Unarmed Combat
 * Level 2.1 Invocations


You had 6 spell levels left.
You didn't know any spells.
Your spell library contained the following spells:

 Spells                   Type           Power      Damage    Failure   Level
 Slow                     Hex            0%         N/A       45%         1
 Confusing Touch          Hex            0%         N/A       83%         3
 Sigil of Binding         Hex            0%         N/A       83%         3
 Vampiric Draining        Necr           0%         2d6       83%         3


Dungeon Overview and Level Annotations

Branches:
Dungeon (5/15)             Temple (1/1) D:4

Altars:
Ashenzari
Elyvilon
Fedhas
Gozag
Hepliaklqana
Makhleb
Nemelex Xobeh
Okawaru
Ru
Trog
Uskayaw
Vehumet
Wu Jian
Xom
Zin
The Shining One

Shops:
D:1 =   D:3 *   D:4 !

Annotations:
D:4 Edmund


Innate Abilities, Weirdness & Mutations

You are too large for most types of armour.
You have claws for hands.
Your natural rate of healing is unusually fast.
You are covered in fur. (AC +1)
You have tough skin. (AC +1)


Message History

a +0 orcbow; a centaur corpse HP restored.
There is a stone staircase leading down here.
You now have 68 gold pieces (gained 9).
A hound comes into view.
Things that are here:
a +0 orcbow; a centaur corpse
r - a +0 orcbow The hound barks!
The hound bites you.
You closely miss the hound. The hound misses you.
You barely miss the hound. The hound closely misses you.
You closely miss the hound. Your claw misses the hound.
The hound bites you but does no damage.
You scratch the hound.
The hound is moderately wounded.
The hound bites you. The hound barely misses you.
You claw the hound!
You kill the hound!
You can now pass through a line of other dancers.
You see here a hound corpse.
A sleepcap comes into view.
You can no longer pass through a line of other dancers.
An ogre comes into view. It is wielding a +0 giant spiked club.
The sleepcap barely misses you.
You claw the sleepcap!
The sleepcap is moderately damaged.
The sleepcap releases spores at you but does no damage.
You scratch the sleepcap.
The sleepcap is heavily damaged.
The sleepcap closely misses you.
The ogre hits you with a +0 giant spiked club!!
You scratch the sleepcap but do no damage.
The sleepcap is heavily damaged.
The sleepcap releases spores at you.
You are engulfed in a cloud of soporific spores!
You fall asleep.
The ogre hits you with a +0 giant spiked club!!!
Ouch! That really hurt!
You die...

### ## #.#####.#
....#.... ###
##........
##...#.........
#....#....##..#
#.....fO.....#
#.....@...##
#..........#
##.........#
###.....##....
#.......## ...
##.......#.....
#......###....
##.#.†..##....
#####.#.........


You could see an ogre and a sleepcap.

Vanquished Creatures
  An ice beast (D:5)
  An ogre (D:4)
  A centaur (D:5)
  2 hounds
  2 bombardier beetles
  Crazy Yiuf (D:2)
  Natasha (thrice) (D:4)
  An orc wizard (D:3)
  Terence (D:2)
  Robin (D:2)
  6 adders
  2 dart slugs
  2 ribbon worms
  4 orcs
  9 bats
  4 endoplasms
  2 giant cockroaches
  12 goblins
  9 hobgoblins
  7 kobolds
  2 quokkas
  5 ball pythons
  A frilled lizard (D:2)
  3 rats (D:1)
82 creatures vanquished.

Notes
Turn   | Place    | Note
-------+----------+-------------------------------------------
     0 | D:1      | Eitelfritz the Troll Gladiator began the quest for the Orb.
     0 | D:1      | Reached XP level 1. HP: 19/19 MP: 0/0
   178 | D:1      | Reached XP level 2. HP: 27/27 MP: 1/1
   654 | D:1      | Found Evoiloj's Jewellery Shop.
  1011 | D:2      | Noticed Terence
  1015 | D:2      | Killed Terence
  1016 | D:2      | Reached XP level 3. HP: 34/35 MP: 2/2
  1119 | D:2      | Noticed Robin
  1129 | D:2      | Reached XP level 4. HP: 32/42 MP: 3/3
  1144 | D:2      | Reached skill level 4 in Unarmed Combat
  1149 | D:2      | Killed Robin
  1447 | D:2      | Found a runed translucent door.
  1448 | D:2      | Noticed Crazy Yiuf
  1570 | D:2      | Killed Crazy Yiuf
  1670 | D:3      | Reached XP level 5. HP: 41/49 MP: 4/4
  1684 | D:3      | Found a hide-covered altar of Uskayaw.
  1702 | D:3      | Reached skill level 5 in Unarmed Combat
  1783 | D:3      | Found Rajinile's General Store.
  2063 | D:3      | Bought a scroll of identify for 20 gold pieces
  2259 | D:3      | Became a worshipper of Uskayaw the Reveller
  2286 | D:4      | Reached * piety under Uskayaw
  2483 | D:4      | Reached ** piety under Uskayaw
  2518 | D:4      | Found a hazy altar of Hepliaklqana.
  2558 | D:4      | Found a staircase to the Ecumenical Temple.
  2558 | D:4      | Noticed Natasha
  2561 | D:4      | Killed Natasha
  2562 | D:4      | Reached XP level 6. HP: 56/57 MP: 5/5
  2572 | D:4      | Found Arorarie's Distillery.
  2577 | D:4      | Reached *** piety under Uskayaw
  2589 | Temple   | Entered the Ecumenical Temple
  2597 | D:4      | Noticed Edmund
  2611 | D:4      | Reached skill level 1 in Stealth
  2611 | D:4      | Reached skill level 1 in Invocations
  2670 | D:4      | Bought a potion of heal wounds for 55 gold pieces
  2670 | D:4      | Bought a potion of curing for 33 gold pieces
  2670 | D:4      | Bought a potion of enlightenment for 55 gold pieces
  2723 | D:4      | Noticed Natasha
  2735 | D:4      | Killed Natasha
  2827 | D:4      | Found an opulent altar of Gozag.
  2860 | D:4      | Noticed Natasha
  2868 | D:4      | Killed Natasha
  2971 | D:4      | Found a glowing golden altar of the Shining One.
  3034 | D:5      | Entered Level 5 of the Dungeon
  3039 | D:5      | Noticed an ice beast
  3041 | D:5      | Reached XP level 7. HP: 49/66 MP: 7/7
  3046 | D:5      | Reached skill level 6 in Unarmed Combat
  3132 | D:5      | Mangled by an ogre

Illustrated notes

Levels and vault maps discovered:
D:1:      arrival_zaba_pyramid, layout_basic, serial_shops,
          nicolae_shop_gaudy_bauble, nrook_campfire,
          hangedman_abyss_or_decor_lesser_grid
D:2:      layout_rooms, nrook_uturn, uniq_crazy_yiuf_cottage, uniq_robin,
          uniq_terence
D:3:      layout_basic, lemuel_tele_altar, serial_shops, nicolae_shop_peninsula
D:4:      nicolae_cairo_tiling_large, layout_cave_pools, old_standard_altar,
          tso_altar, lemuel_doored_altar, minmay_temple_entry_gardened_gates,
          serial_shops, shop, uniq_natasha, uniq_edmund
D:5:      layout_cave_pools
Temple:   nicolae_temple_bog_church

Skill      XL: |  1  2  3  4  5  6  7 |
---------------+----------------------+-----
Dodging        | 3 |  3.7
Unarmed Combat | 4 5 6 |  6.2
Fighting       | 2 |  2.7
Throwing       | 2 |  2.0
Stealth        | 1 |  1.2
Invocations    | 1 2 |  2.1

Action                     |  1- 3 |  4- 6 |  7- 9 || total
---------------------------+-------+-------+-------++-------
  Melee: Unarmed           |    77 |   136 |    12 ||   225
         Punch             |       |     6 |     1 ||     7
  Throw: Dart              |       |     1 |       ||     1
    Use: Scroll            |       |     4 |       ||     4
   Stab: Sleeping          |     1 |     3 |       ||     4
         Paralysed         |       |     1 |     1 ||     2
 Armour: Robe              |    65 |   111 |     8 ||   184
  Dodge: Dodged            |    47 |    80 |     7 ||   134
